 Dungeon Crawl Stone Soup version 0.30-b1-2-g02819fbbbe (webtiles) character file.

Game seed: 2886387612211751668

9292 ketsa the Carver (level 11, -1/87 HPs)
             Began as a Merfolk Gladiator on May 12, 2023.
             Was an Elder of Uskayaw.
             Succumbed to a cane toad's poison
             ... on level 1 of the Lair of Beasts.
             The game lasted 00:46:12 (10341 turns).

ketsa the Carver (Merfolk Gladiator)               Turns: 10341, Time: 00:46:13

Health: -1/87      AC: 11    Str: 15    XL:     11   Next: 44%
Magic:  15/15      EV: 17    Int:  8    God:    Uskayaw [****..]
Gold:   710        SH:  5    Dex: 21    Spells: 10/10 levels left

rFire   . . .        a - +2 long sword
rCold   . . .        (no shield)
rNeg    . . .        r - +1 ring mail of the Arena {Dex+2}
rPois   .            c - +1 helmet
rElec   .            x - +0 cloak
rCorr   +            q - +0 pair of gloves
SInv    .            (no boots)
Will    .....        y - amulet of reflection
Stlth   +            A - ring of resist corrosion
HPRegen 0.34/turn    g - ring of flight
MPRegen 0.14/turn

%: reflection
@: lethally poisoned (-1 -> -9), flying
A: (nimble swimmer 2), mertail, claws 1, inability to drink after injury 1
a: Renounce Religion, Stomp, Line Pass


You were on level 1 of the Lair of Beasts.
You worshipped Uskayaw.
Uskayaw was noncommittal.
You visited 3 branches of the dungeon, and saw 12 of its levels.

You collected 710 gold pieces.

Inventory:

Hand Weapons
 a - a +2 long sword (weapon)
 f - a +2 dagger of holy wrath
 v - a +0 sling
 M - a +3 falchion
Missiles
 d - 2 throwing nets
 h - 5 curare-tipped darts
 D - 2 poisoned darts
Armour
 b - a +0 leather armour
 c - a +1 helmet (worn)
 o - a +0 leather armour
 q - a +0 pair of gloves (worn)
 r - the +1 ring mail of the Arena (worn) {Dex+2}
   (You found it on level 2 of the Dungeon)

   Dex:       It affects your dexterity (+2).
 s - a +2 ring mail of cold resistance
 w - +0 steam dragon scales
 x - a +0 cloak (worn)
 B - a +1 chain mail of cold resistance
Jewellery
 g - a ring of flight (right hand)
 y - an amulet of reflection (around neck)
 A - a ring of resist corrosion (left hand)
 E - a +6 ring of intelligence
 O - an amulet of guardian spirit
Wands
 m - a wand of charming (6)
 L - a wand of flame (13) (quivered)
Scrolls
 j - 3 scrolls of magic mapping
 k - a scroll of torment {unknown}
 l - a scroll of enchant armour
 n - a scroll of enchant weapon
 p - 3 scrolls of poison
 t - a scroll of silence
 C - a scroll of blinking {unknown}
 I - a scroll of vulnerability {unknown}
 K - a scroll of butterflies {unknown}
Potions
 e - 2 potions of curing
 i - 3 potions of brilliance
 u - 2 potions of cancellation
 z - a potion of might
 F - a potion of flight
 H - a potion of berserk rage {unknown}
 J - 2 potions of lignification
Miscellaneous
 N - a piece from Xom's chessboard (15/15)


   Skills:
 + Level 8.3 Fighting
 - Level 14.0 Long Blades
 - Level 2.0 Throwing
 - Level 4.8 Armour
 - Level 10.0 Dodging
 * Level 6.3 Invocations


You had 10 spell levels left.
You didn't know any spells.
Your spell library contained the following spells:

 Spells                   Type           Power      Damage    Failure   Level
 Kiss of Death            Conj/Necr      0%         2d5       63%         1
 Confusing Touch          Hex            0%         N/A       94%         3
 Dazzling Flash           Conj/Hex       0%         N/A       94%         3
 Hailstorm                Conj/Ice       0%         3d3       94%         3
 Inner Flame              Hex/Fire       0%         N/A       94%         3
 Ozocubu's Armour         Ice            0%         N/A       94%         3
 Volatile Blastmotes      Fire/Tloc      0%         2d10      94%         3
 Dispel Undead            Necr           0%         3d6       100%        4
 Flame Wave               Conj/Fire      0%         2d4       100%        4
 Ice Form                 Ice/Tmut       0%         N/A       100%        4
 Iskenderun's Mystic Bla  Conj/Tloc      0%         2d3       100%        4
 Sticky Flame             Conj/Fire      0%         2d3       100%        4
 Iskenderun's Battlesphe  Conj           0%         2d6       100%        5
 Iron Shot                Conj/Erth      0%         9d1       100%        6
 Simulacrum               Ice/Necr       0%         N/A       100%        6
 Starburst                Conj/Fire      0%         6d3       100%        6
 Ozocubu's Refrigeration  Ice            0%         4d7       100%        7
 Spellforged Servitor     Conj/Summ      0%         N/A       100%        7


Dungeon Overview and Level Annotations

Branches:
Dungeon (10/15)            Temple (1/1) D:4            Lair (1/5) D:10
    Orc: D:9-12

Altars:
Ashenzari
Cheibriados
Dithmenos
Elyvilon
Fedhas
Gozag
Hepliaklqana
Kikubaaqudgha
Nemelex Xobeh
Okawaru
Qazlal
Sif Muna
Trog
Uskayaw
Vehumet
Wu Jian
Xom
Yredelemnul
Zin
The Shining One

Shops:
D:3 !

Annotations:
D:5 3 runed translucent doors, falawelle's ghost, novice MiBe
D:7 exclusion: downstairs


Innate Abilities, Weirdness & Mutations

((You are very nimble when in or above water. (Stealth+, EV+, Speed+++)))
Your lower body shifts to a powerful aquatic tail in water.
You have sharp fingernails.
You occasionally lose the ability to drink potions when taking damage.


Message History

The cane toad poisons you! The wolf closely misses you.
Aiming: Grand Finale
Press: ? - help, Shift-Dir - straight line, f - cane toad
Aim: a cane toad (sharing its pain)
You fail to use your ability.
You feel very sick. The cane toad stings you!!
You are more poisoned.
The cane toad poisons you! The wolf bites you.
Okay, then.
Okay, then.
You feel better. The wolf closely misses you. The cane toad stings you!
The wolf bites you. The cane toad misses you.
As you read the scroll of teleportation, it crumbles to dust.
You feel strangely unstable.
The wolf is no longer sharing its pain.
The wolf completely misses you. You block the cane toad's attack.
The wolf misses you. The cane toad attacks as you move away!
The cane toad barely misses you.
You see here a wolf corpse.
The wolf misses you. The cane toad attacks as you move away!
The cane toad stings you!!
You feel threatened and lose the ability to drink potions!
* * * LOW HITPOINT WARNING * * *
You are lethally poisoned!
The cane toad poisons you!
Your surroundings seem slightly different.
* * * LOW HITPOINT WARNING * * *
You feel very sick.
You can no longer merge with and destroy a victim.
You cannot drink potions in your current state!
* * * LOW HITPOINT WARNING * * *
You feel very sick.
The cane toad is no longer sharing its pain.
* * * LOW HITPOINT WARNING * * *
You feel very sick.
As you read the scroll labelled AZOCAS EGYNIWE, it crumbles to dust.
It is a scroll of enchant armour.
Your +0 helmet glows green for a moment.
You can drink potions again.
You die...

##..## #####....##### ..
##..############...###.#
#.
#P..##...##.###.......#
#.
###.†#........###.....#
###
##..........###.....###..
##..........####........
#...........###P....###
##..F........##...### #
#...h@......#P..## #
##.............## ##
#.............P# #.
##............## ##
##.......>.^.# ##
###.........# ###.
#.##.....## ##...
#####..##.###....
####...........~


You could see a cane toad and a wolf.

Vanquished Creatures
  A two-headed ogre (D:8)
  Amaemon (D:8)
  Pikel (D:8)
  Maurice (D:8)
  A gargoyle (D:10)
  A rime drake (D:9)
  A komodo dragon (Lair:1)
  2 polar bears
  A hornet (D:8)
  Prince Ribbit (D:5)
  Sigmund (D:2)
  2 wyverns
  8 yaks
  A basilisk (D:7)
  A steam dragon (D:8)
  4 vampire mosquitoes (D:10)
  3 water moccasins
  3 ice beasts
  4 orc warriors
  4 wolves (Lair:1)
  An ogre (D:5)
  A phantom (D:5)
  6 bullfrogs
  A scorpion (D:6)
  9 wights
  6 howler monkeys
  4 hounds
  4 orc priests
  A gnoll bouda (Temple)
  2 jellies (D:6)
  3 iguanas
  2 sleepcaps (D:5)
  7 orc wizards
  Robin (D:3)
  4 gnolls
  5 adders
  2 white imps
  An ufetubus (D:4)
  5 worms
  A dart slug (D:3)
  25 orcs
  7 endoplasms
  2 giant cockroaches
  17 goblins
  10 hobgoblins
  3 kobolds
  2 quokkas
  8 ball pythons
  5 bats
  6 frilled lizards
  5 rats
198 creatures vanquished.

Vanquished Creatures (others)
  8 fungi
  5 toadstools (D:6)
13 creatures vanquished.

Grand Total: 211 creatures vanquished

Notes
Turn   | Place    | Note
-------+----------+-------------------------------------------
     0 | D:1      | ketsa the Merfolk Gladiator began the quest for the Orb.
     0 | D:1      | Reached XP level 1. HP: 16/16 MP: 1/1
   136 | D:1      | Reached skill level 4 in Long Blades
   145 | D:1      | Reached XP level 2. HP: 17/22 MP: 2/2
   250 | D:1      | Found a faded altar of an unknown god.
   915 | D:2      | Reached skill level 5 in Long Blades
   915 | D:2      | Reached XP level 3. HP: 16/27 MP: 3/3
  1071 | D:2      | Identified the +1 ring mail of the Arena {Dex+2}
  1361 | D:2      | Reached XP level 4. HP: 33/33 MP: 4/4
  1419 | D:2      | Noticed Sigmund
  1447 | D:2      | Gained mutation: You occasionally lose the ability to drink
                  | potions when taking damage. [potion of mutation]
  1447 | D:2      | Gained mutation: You have sharp fingernails. [potion of
                  | mutation]
  1464 | D:2      | Killed Sigmund
  1465 | D:2      | Reached skill level 6 in Long Blades
  1465 | D:2      | Reached XP level 5. HP: 31/38 MP: 5/5
  1602 | D:2      | Reached XP level 6. HP: 39/44 MP: 6/6
  1943 | D:3      | Noticed Robin
  2009 | D:3      | Killed Robin
  2260 | D:3      | Found Furgh's Distillery.
  2943 | D:4      | Reached skill level 7 in Long Blades
  3605 | D:4      | Found a staircase to the Ecumenical Temple.
  3630 | Temple   | Entered the Ecumenical Temple
  4024 | Temple   | Became a worshipper of Uskayaw the Reveller
  4154 | D:5      | Entered Level 5 of the Dungeon
  4192 | D:4      | Reached * piety under Uskayaw
  4193 | D:4      | Reached XP level 7. HP: 50/50 MP: 7/7
  4200 | D:4      | Reached ** piety under Uskayaw
  4328 | D:5      | Reached skill level 8 in Long Blades
  4441 | D:5      | Found a runed translucent gate.
  4580 | D:5      | Found a runed translucent gate.
  4580 | D:5      | Identified the +0 plate armour of Integrity {rElec rN+
                  | Will+}
  4580 | D:5      | Noticed falawelle's ghost (novice MiBe)
  4581 | D:5      | Found a runed translucent gate.
  4581 | D:5      | Identified the +0 ring mail of the Painted Jabberwock {rC+
                  | Regen+ MP+9}
  4764 | D:5      | Noticed Prince Ribbit
  4919 | D:5      | Reached *** piety under Uskayaw
  4952 | D:5      | Reached skill level 9 in Long Blades
  4952 | D:5      | Reached XP level 8. HP: 56/56 MP: 8/8
  5011 | D:5      | Killed Prince Ribbit
  5012 | D:5      | Reached skill level 5 in Dodging
  5493 | D:6      | Reached skill level 10 in Long Blades
  5726 | D:6      | Reached **** piety under Uskayaw
  6157 | D:6      | Reached XP level 9. HP: 61/61 MP: 9/9
  6357 | D:7      | Reached skill level 11 in Long Blades
  6553 | D:7      | Found a glowing silver altar of Zin.
  7211 | D:8      | Noticed Maurice
  7298 | D:8      | Reached skill level 12 in Long Blades
  7443 | D:8      | Noticed a hornet
  7453 | D:8      | Killed a hornet
  7455 | D:8      | Noticed Pikel
  7524 | D:8      | Noticed an orange demon
  7609 | D:8      | Killed Pikel
  7610 | D:8      | Reached XP level 10. HP: 71/73 MP: 10/10
  7610 | D:8      | Found a snail-covered altar of Cheibriados.
  7610 | D:8      | Noticed Amaemon
  7651 | D:8      | Killed Amaemon
  7652 | D:8      | Reached skill level 13 in Long Blades
  7860 | D:8      | Reached skill level 5 in Fighting
  8159 | D:8      | Noticed a two-headed ogre
  8174 | D:8      | Killed a two-headed ogre
  8443 | D:8      | Reached skill level 1 in Invocations
  8673 | D:8      | Killed Maurice
  9020 | D:10     | Entered Level 10 of the Dungeon
  9040 | D:10     | Noticed a gargoyle
  9074 | D:10     | Killed a gargoyle
  9075 | D:10     | Reached skill level 10 in Dodging
  9311 | D:10     | Reached skill level 14 in Long Blades
  9322 | D:10     | Reached XP level 11. HP: 15/83 MP: 9/13
  9587 | D:10     | Found a staircase to the Lair.
  9702 | Lair:1   | Entered Level 1 of the Lair of Beasts
  9757 | Lair:1   | Reached skill level 5 in Invocations
  9760 | Lair:1   | Reached ***** piety under Uskayaw
 10339 | Lair:1   | HP: 3/87 [poisoned by a cane toad]
 10340 | Lair:1   | HP: 1/87 [poisoned by a cane toad]
 10341 | Lair:1   | Succumbed to a cane toad's poison

Illustrated notes

Levels and vault maps discovered:
D:1:      minmay_arrival_four_houses, layout_loops_ring, basic_ecumenical_altar
D:2:      minmay_razor_zed, layout_basic, minmay_misc_feat_more_columns,
          uniq_sigmund
D:3:      layout_loops_corners, serial_shops, shop_statue, uniq_robin
D:4:      layout_loops_ring, minmay_temple_entry_drinking_statues
D:5:      layout_rooms, biasface_ghost_orc_armoury, uniq_prince_ribbit1
D:6:      layout_loops_ring, minmay_gold_behind_fungi
D:7:      kennysheep_big_flooded_room, layout_basic, zin_academy,
          minmay_misc_feat_pillars
D:8:      layout_basic, mainiacjoe_overflow_boulevard, hex_intersection,
          uniq_pikel, uniq_maurice, uniq_amaemon
D:9:      layout_basic, david_orc_4
D:10:     layout_irregular_city, nicolae_ru_the_path_less_chosen,
          kennysheep_mini_moat, hellmonk_lair_entry_icy
Temple:   nicolae_temple_bog_church
Lair:1:   layout_cave_pods, infiniplex_staircase_pool

Skill      XL: |  1  2  3  4  5  6  7  8  9 10 11 |
---------------+----------------------------------+-----
Long Blades    | 4 5 6 7 9 10 12 14 | 14.0
Armour         | 2 3 4 |  4.8
Dodging        | 6 8 10 | 10.0
Fighting       | 4 6 8 |  8.3
Invocations    | 3 6 |  6.3
Throwing       | |  2.0

Action                     |  1- 3 |  4- 6 |  7- 9 | 10-12 || total
---------------------------+-------+-------+-------+-------++-------
  Melee: Long sword        |   101 |   217 |   276 |   283 ||   877
         Punch             |     1 |     3 |       |     6 ||    10
         Tailslap          |       |     7 |       |     5 ||    12
  Throw: Javelin           |     2 |       |       |       ||     2
         Throwing net      |       |       |     3 |     1 ||     4
         Dart              |       |       |    14 |     9 ||    23
 Invoke: Stomp             |       |       |     1 |     1 ||     2
         Line Pass         |       |       |       |     2 ||     2
  Evoke: Wand              |       |       |       |     3 ||     3
    Use: Potion            |       |     5 |     1 |     7 ||    13
         Scroll            |       |     3 |    10 |     7 ||    20
   Stab: Sleeping          |     1 |       |     1 |       ||     2
         Paralysed         |       |       |     6 |    20 ||    26
         Invisible         |       |       |       |     2 ||     2
         Confused          |       |       |       |     1 ||     1
 Armour: Leather armour    |    22 |       |       |       ||    22
         Ring mail         |     5 |    70 |    67 |    61 ||   203
  Dodge: Dodged            |    73 |   134 |   133 |   179 ||   519
  Block: Other             |       |    22 |    41 |    47 ||   110
         Reflection        |       |       |       |     2 ||     2
